 Dungeon Crawl Stone Soup version 0.32-a0-612-g1c984fe9d1 (webtiles) character file.

Game seed: 3005154648899882856

8 adelrune the Vexing (level 2, 0/21 HPs)
             Began as a Coglin Hexslinger on Mar 4, 2024.
             Constricted to death by a ball python (1 damage)
             ... on level 1 of the Dungeon.
             The game lasted 00:00:19 (113 turns).

adelrune the Vexing (Coglin Hexslinger)              Turns: 113, Time: 00:00:19

Health: 0/21       AC:  2    Str:  8    XL:     2   Next: 8%
Magic:  3/3        EV:  2    Int: 12    God:
Gold:   37         SH:  0    Dex: 16    Spells: 3/3 levels left

rFire   . . .        a - +1 sling {Tamao}
rCold   . . .        d - -2 sling {Bolek}
rNeg    . . .        c - +0 robe
rPois   .            (no helmet)
rElec   .            (no cloak)
rCorr   .            (no gloves)
SInv    .            (no boots)
Will    .....        (amulet unavailable)
Stlth   +            (ring unavailable)
HPRegen 0.23/turn    (ring unavailable)
MPRegen 0.08/turn    (no gizmo)

%: no passive effects
@: constricted, revved
A: off-hand wielding, slow wielding, warmup strikes, no jewellery
a: Invent Gizmo


You were on level 1 of the Dungeon.
You visited 1 branch of the dungeon, and saw 1 of its levels.

You collected 37 gold pieces.

Inventory:

Hand Weapons
 a - a +1 sling (weapon) {Tamao}
 d - a -2 sling (offhand) {Bolek}
Armour
 c - a +0 robe (worn)
Scrolls
 b - a scroll of poison
 f - a scroll of vulnerability {unknown}
 g - a scroll of enchant weapon {unknown}
Potions
 e - a potion of degeneration {unknown}


   Skills:
 + Level 1.2 Fighting
 + Level 1.9 Ranged Weapons
 + Level 1.9 Dodging
 + Level 1.1 Spellcasting
 + Level 2.7 Hexes
 + Level 1.1 Fire Magic


You had 3 spell levels left.
You didn't know any spells.
Your spell library contained the following spells:

 Spells                   Type           Power      Damage    Failure   Level
 Jinxbite                 Hex            14%        N/A       14%         2
 Sigil of Binding         Hex            7%         N/A       28%         3
 Summon Small Mammal      Summ           0%         N/A       30%         1
 Inner Flame              Hex/Fire       5%         N/A       38%         3
 Call Canine Familiar     Summ           0%         N/A       65%         3
 Cause Fear               Hex            3%         N/A       67%         4
 Dimensional Bullseye     Hex/Tloc       2%         N/A       86%         4
 Summon Blazeheart Golem  Fire/Summ      2%         N/A       93%         4


Dungeon Overview and Level Annotations

Branches:
Dungeon (1/15)

Altars:


Innate Abilities, Weirdness & Mutations

You can wield a second weapon in your off-hand.
It takes a long time for you to wield or remove held weapons.
Your first few attacks do less damage.
You cannot equip rings or amulets.


Message History

The sling bullet barely misses the jackal.
The sling bullet hits the endoplasm.
The endoplasm is moderately wounded.
The jackal closely misses you. x2
A ball python comes into view.
The endoplasm misses you.
You shoot a sling bullet. The sling bullet misses the jackal.
You shoot a sling bullet.
The sling bullet closely misses the jackal.
The jackal bites you but does no damage.
The endoplasm hits you. The jackal completely misses you.
You shoot a sling bullet.
The sling bullet closely misses the jackal.
You shoot a sling bullet.
The sling bullet closely misses the jackal.
The jackal closely misses you. The endoplasm barely misses you.
You shoot a sling bullet.
The sling bullet closely misses the jackal.
You shoot a sling bullet.
The sling bullet closely misses the jackal.
The jackal bites you but does no damage.
The endoplasm freezes you.
You are frozen.
The ball python bites you. The ball python grabs you.
The ball python constricts you. The jackal bites you. The endoplasm hits you.
* * * LOW HITPOINT WARNING * * *
You are too injured to fight recklessly!
You are too injured to fight recklessly!
You are too injured to fight recklessly!
You shoot a sling bullet.
The sling bullet barely misses the jackal.
You shoot a sling bullet. The sling bullet hits the jackal.
You kill the jackal!
The ball python bites you.
* * * LOW HITPOINT WARNING * * *
The ball python constricts you. The endoplasm hits you.
* * * LOW HITPOINT WARNING * * *
The ball python bites you.
* * * LOW HITPOINT WARNING * * *
The ball python constricts you.
You die...

#.......... #.
##........#
#.#########......##
#.#.....# #.....##
#.#.....# #.....#
#.#...>.###.....### #
#.#................
....##.#......##.....###
#....@......##........
###.S.J....###........
#.†.......###..†.....
#.#.#................
.).#.#........##[.....
### #.#.....>..........
>.#........##......
..#................
######'######....


You could see an endoplasm and a ball python.

Vanquished Creatures
  An endoplasm (D:1)
  A hobgoblin (D:1)
  3 jackals (D:1)
  A ball python (D:1)
  A bat (D:1)
  A frilled lizard (D:1)
  A kobold (D:1)
9 creatures vanquished.

Notes
Turn   | Place    | Note
-------+----------+-------------------------------------------
     0 | D:1      | adelrune the Coglin Hexslinger began the quest for the Orb.
     0 | D:1      | Reached XP level 1. HP: 15/15 MP: 2/2
    50 | D:1      | Reached skill level 1 in Fire Magic
   102 | D:1      | Reached XP level 2. HP: 21/21 MP: 3/3
   113 | D:1      | HP: 1/21 [ball python (1)]
   113 | D:1      | Constricted to death by a ball python

Illustrated notes

Levels and vault maps discovered:
D:1:      mushboom_english_gardens, layout_rooms, chequers_arboretum,
          glass_columns_a

Skill      XL: |  1 |
---------------+----+-----
Fire Magic     | 1 |  1.1
Fighting       | |  1.2
Ranged Weapons | |  1.9
Dodging        | |  1.9
Spellcasting   | |  1.1
Hexes          | |  2.7

Action                     || total
---------------------------++-------
   Fire: Sling             ||    48
 Armour: Robe              ||    22
  Dodge: Dodged            ||     9

Table legend: (Time is in decaauts)
 A = Elapsed time spent in this place.
 B = Non-inter-level travel time spent in this place.
 C = Inter-level travel time spent in this place.
 D = Time resting spent in this place.
 E = Time spent auto-exploring this place.
 F = Levels seen in this place.
 G = Mean time per level.
                   A        B        C        D        E       F      G
               +--------+--------+--------+--------+--------+-----+--------+
         Total |    120 |    120 |      0 |      0 |     79 |   1 |  120.0 |
       Dungeon |    120 |    120 |      0 |      0 |     79 |   1 |  120.0 |
               +--------+--------+--------+--------+--------+-----+--------+

Top non-repeatable levels by time:
     D:1: 120 daAuts
